← All builds
Pond / Armada / Economy first / OBSERVED BUILD

Blitz raid

Pond skips straight to a Vehicle Plant by 3:37 and pushes a Blitz-led tank raid into the middle from around 4:14, with units reaching the enemy base in over half its games, before settling into the usual eco transition.

#raid #rush · 53 distinct matches · 30 players · 6% of Armada Pond games · team won 64% of 53 · Recently observed

THE CATCH, AND WHAT COMES WITH IT
  • BlitzT1 vehicle raid from 4:14 · 5% of role by thenFrom the Vehicle Plant. Only 5% of Pond games have it by then; others who build it get it around 8:33
  • Vehicle PlantVehicle Plant in 98%8% of all Pond games by then
  • BlitzBlitz in 74%5% of all Pond games by then

Started with Blitz (70%), Pincer (21%), Rover (8%), Rascal (2%).

Where those units first fight, in 53 games with kill data: in the middle 74%, on their own side 17%, in the enemy base 9%.

Those units destroy a typical 1,529 metal of enemy units by 15:00.

HOW TO PLAY IT

Key timing: Vehicle Plant by 3:37

  1. Open tidals and mexes as usual, boosting the fronts early.
  2. Skip the bot-lab-first pattern and rush a Vehicle Plant instead.
  3. Get the plant finished well ahead of the normal Pond timing.
  4. Push Blitz out to raid the middle and into the enemy base.
  5. Add a Bot Lab and transition toward the usual T2 constructor step.

Phase by phase

TYPICAL OF ITS 53 GAMES · AGAINST STANDARD POND
  1. 1
  2. 2
  3. 3
PLAY THE OPENING

Follow the example game's first 6:00 step by step: what to build now, what comes next, and where it goes. At 1× it keeps pace with your own game.

  1. 1

    Up to the T1 vehicle raid

    Economy
    • Metal Extractor4Mex
    • Tidal Generator8Tidalfor allies
    • Wind Turbine8Wind
    • Tidal Generator1Tidal
    • Energy Storage1Energy storage
    Order
    1. Vehicle PlantVehicle Plant after 4 mex, 6 wind, 1 tidal
    2. BlitzT1 vehicle raid after 4 mex, 8 wind, 1 tidal

    Some games also: converter (40%) · con vehicle (38%)

    By 4:14 in all: 4 mex · 8 wind · 1 tidal · 1 energy storage

    The example game in this phase · 66 steps
    1. Mex ×2
    2. Wind
    3. Mex
    4. Wind ×3
    5. Construction BotCon bot
    6. Wind
    7. Construction BotCon bot
    8. Wind ×2
    9. Mex
    10. Wind ×2
    11. Construction BotCon bot ×2
    12. Wind ×2
    13. Construction BotCon bot
    14. Wind
    15. Construction BotCon bot
    16. Wind ×2
    17. Construction BotCon bot
    18. Wind ×2
    19. Construction BotCon bot
    20. Converter
    21. Wind ×2
    22. Converter
    23. Wind
    24. Converter
    25. Wind
    26. Converter
    27. Wind ×2
    28. Construction BotCon bot
    29. Converter
    30. Con turret
    31. Wind ×4
    32. Converter
    33. Wind ×3
    34. Converter
    35. Wind ×3
    36. Con turret
    37. Wind ×3
    38. Converter
    39. Con turret
    40. Converter
    41. Wind ×9
    42. Converter
    43. Wind ×3
    44. Energy storage
    45. Wind ×3
    46. Converter
    47. Wind ×3
    48. Converter
    49. Wind ×2
    50. Converter
    51. Wind ×7
    52. Converter
    53. Wind ×7
    54. Converter
    55. Wind ×2
    56. Converter
    57. Wind ×4
    58. Converter
    59. Wind
    60. Vehicle PlantVehicle Plantdone 6:15 · typical 3:54
    61. Wind
    62. Converter
    63. Wind ×2
    64. Converter
    65. Wind ×4
    66. BlitzBlitzdone 6:28
  2. 2

    T1 vehicle raid to Bot Lab

    Economy
    • Wind Turbine14Wind−6 vs standard
    Order
    1. Bot LabBot Lab after 4 mex, 22 wind, 2 con turretdone ~9:50, middle half 3:12–12:00
    Builders
    • Construction Turret1 Con turret
    • Construction Vehicle1 Con vehicle
    Army
    • Blitz9 Blitz +9 vs standard

    Some games also: converter (45%)

    The standard build makes here, this one skips: 2 converter

    By 9:30 in all: 4 mex · 22 wind · 1 tidal · 4 converter · 1 energy storage · 2 con turret

    The example game in this phase · 1 step
    1. Bot LabBot Labdone 1:09 · typical 9:50
  3. 3

    Bot Lab to 15:00

    Economy
    • Wind Turbine23Wind
    • Energy Converter4Converter+3 vs standard
    Builders
    • Construction Turret3 Con turret

    Some games also: blitz (43%) · tick (34%) · Vehicle Plant (30%)

    The standard build makes here, this one skips: 6 tick

    By 15:00 in all: 4 mex · 46 wind · 1 tidal · 10 converter · 1 energy storage · 5 con turret

    The example game in this phase · 169 steps
    1. Converter
    2. Wind ×4
    3. BlitzBlitz
    4. Wind
    5. Converter
    6. NettleNettle
    7. Wind ×5
    8. BlitzBlitz
    9. Wind ×2
    10. Converter
    11. Wind ×3
    12. BlitzBlitz
    13. Wind ×3
    14. Converter
    15. BlitzBlitz
    16. Converter
    17. Wind ×4
    18. Converter
    19. BlitzBlitz
    20. Wind
    21. NettleNettle
    22. BlitzBlitz
    23. Wind ×3
    24. BlitzBlitz
    25. Converter
    26. BlitzBlitz
    27. Wind ×3
    28. Converter
    29. BlitzBlitz
    30. Converter
    31. BlitzBlitz
    32. Wind ×2
    33. NettleNettle
    34. BlitzBlitz
    35. Wind ×4
    36. BlitzBlitz
    37. Wind ×3
    38. BlitzBlitz
    39. Wind
    40. Converter
    41. Wind ×3
    42. BlitzBlitz
    43. Converter
    44. BlitzBlitz
    45. Wind ×2
    46. BlitzBlitz
    47. Wind ×2
    48. NettleNettle
    49. BlitzBlitz
    50. Wind
    51. BlitzBlitz
    52. Wind
    53. BlitzBlitz
    54. Wind ×2
    55. Converter
    56. BlitzBlitz
    57. Wind
    58. BlitzBlitz
    59. Wind ×2
    60. BlitzBlitz
    61. Converter
    62. Wind
    63. BlitzBlitz
    64. Wind
    65. NettleNettle
    66. Wind
    67. BlitzBlitz ×2
    68. Wind ×2
    69. BlitzBlitz
    70. Wind
    71. BlitzBlitz
    72. Converter
    73. Wind
    74. BlitzBlitz
    75. Wind
    76. BlitzBlitz
    77. Wind
    78. BlitzBlitz
    79. Converter
    80. Wind
    81. BlitzBlitz
    82. NettleNettle
    83. Wind ×2
    84. BlitzBlitz ×2
    85. Wind
    86. BlitzBlitz
    87. Wind ×2
    88. BlitzBlitz ×2
    89. Wind
    90. Converter
    91. BlitzBlitz
    92. Wind ×2
    93. BlitzBlitz
    94. Wind
    95. BlitzBlitz
    96. Converter
    97. BlitzBlitz
    98. Wind ×2
    99. BlitzBlitz
    100. Con turret
    101. Wind ×2
    102. Con turret
    103. BlitzBlitz
    104. Wind ×2
    105. Converter
    106. Advanced Bot LabAdvanced Bot Labdone 12:18
    107. Wind
    108. BlitzBlitz
    109. Converter
    110. Wind ×8
    111. Converter ×4
    112. Wind
    113. Converter
    114. Advanced Construction BotT2 con bot
    115. Wind
    116. Converter
    117. Wind ×3
    118. Advanced Construction BotT2 con bot
    119. Advanced Metal ExtractorT2 mexdone 12:55 · typical 9:53
    120. Wind ×4
    121. Converter
    122. Wind ×2
    123. Advanced Metal ExtractorT2 mex ×2
    124. Wind
    125. Tidal
    126. Wind ×2
    127. Tidal
    128. Converter
    129. Wind
    130. Con turret
    131. Wind ×2
    132. Tidal
    133. ButlerButler
    134. Con turret
    135. Wind ×2
    136. ButlerButler
    137. Tidal
    138. Wind
    139. Converter
    140. Wind
    141. SharpshooterSniper botdone 13:59
    142. Tidal
    143. Wind
    144. Converter
    145. Tidal
    146. Wind ×2
    147. SharpshooterSniper bot
    148. Wind
    149. Naval Energy Storage
    150. Wind ×2
    151. Advanced Metal ExtractorT2 mex
    152. Converter
    153. Wind
    154. SharpshooterSniper bot
    155. Wind
    156. Tidal
    157. Wind ×2
    158. Converter
    159. Tidal
    160. Wind
    161. CitadelAnti-nukenot finished by 15:00
    162. Fusion ReactorFusionnot finished by 15:00
    163. Wind
    164. Tidal
    165. Converter
    166. Wind ×2
    167. Tidal
    168. SharpshooterSniper bot
    169. Wind

Counts are medians over the build's games: half of them build more, half fewer. The example game is OUDLES's (36 OS, 14/09/2026); pick another.

Team trades

IN AT LEAST 30% OF ITS GAMES

You hand over

  • Tidal Generator8 Tidal to Suicide front or Frontfirst at 0:13 · in 79% of games

You get

  • Advanced Construction Bot1 T2 con bot from Techfirst at 8:12 · in 83% of games

How it plays out

Typical game of this build against the role’s standard build, running totals by minute

  • This build
  • Standard pond

Metal produced

010k20k
0:005:0010:0015:00

metal

Enemy metal destroyed

02k4k6k
0:005:0010:0015:00

metal

Own metal lost

02k4k6k
0:005:0010:0015:00

metal

53 games.

Show as table
ByMetal produced: This buildMetal produced: Standard pondEnemy metal destroyed: This buildEnemy metal destroyed: Standard pondOwn metal lost: This buildOwn metal lost: Standard pond
1:001151150000
2:002842730000
3:008448170000
4:00152315100000
5:00223622310000
6:00301429850000
7:00405038416764804400
8:004973474211881276990148
9:0058845693152920251320379
10:0070716872229228651913720
11:00868983342678331721541188
12:0010685102902858368424911616
13:0012622125933435426234551966
14:0014499149143829478040972454
15:0017552174564439532448933030
WHAT THE NUMBERS SAY

Won clearly more often than the standard build even though it destroyed less enemy metal and lost more of its own.

  • + Team win rate well above standard (63% vs 48%)
  • + Metal produced by 15:00 slightly ahead (17640 vs 17389)
  • − Own metal lost by 10:00 much higher (1837 vs 756)
  • − Enemy metal destroyed by 15:00 behind standard (4230 vs 5316)
THE EXAMPLE YOU ARE READING

OUDLES

36.3 OS · 14/09/2026

Open source match ↗

0 received units
4 metal received · 284 energy received

Allied construction assistance is unknown. Timings are observations, not a promise of solo reproducibility.

Typical milestones

Vehicle Plant3:54Middle 50%: 3:29–5:21 · n=52
Bot Lab9:50Middle 50%: 3:12–12:00 · n=30
Advanced Metal Extractor9:53Middle 50%: 9:11–10:44 · n=44

Played most by

zeus_on_god11games of this buildhaaven4games of this buildViltrum4games of this build[Grump]Grumpiness3games of this buildAlRelSoulfire2games of this build